 Dungeon Crawl Stone Soup version 0.30-a0-643-g638baaf3f0 (webtiles) character file.

Game seed: 5290745222062050159

519 funkygono the Magician (level 7, -3/46 HPs)
             Began as a Demonspawn Fire Elementalist on Jan 16, 2023.
             Slain by an orc
             ... wielding a +0 club
              (4 damage)
             ... on level 4 of the Dungeon.
             The game lasted 00:07:18 (4724 turns).

funkygono the Magician (DsFE)                       Turns: 4724, Time: 00:07:19

Health: -3/46      AC:  4    Str:  9    XL:     7   Next: 1%
Magic:  6/14       EV: 12    Int: 18    God:
Gold:   173        SH:  0    Dex: 13    Spells: 5/15 levels left

rFire   + . .      SeeInvis .    e - +0 whip
rCold   . . .      Faith    .    (no shield)
rNeg    . . .      Spirit   .    a - +0 robe
rPois   .          Reflect  .    (no helmet)
rElec   .          Harm     .    n - +0 cloak
rCorr   .          Rampage  .    c - +0 pair of gloves
Will    .....                    (no boots)
Stlth   ++                       r - amulet of magic regeneration
HPRegen 0.27/turn                i - ring of wizardry
MPRegen 0.54/turn                o - ring of protection from fire

@: no status effects
A: hooves 1, demonic guardian 1, weakness stinger 2, demonic touch 1
a: no special abilities


You were on level 4 of the Dungeon.
You visited 1 branch of the dungeon, and saw 5 of its levels.

You collected 173 gold pieces.

Inventory:

Hand Weapons
 e - a +0 whip (weapon)
 m - a +2 dagger of venom
 y - a +4 dagger of draining
Armour
 a - a +0 robe (worn)
 c - a +0 pair of gloves (worn)
 n - a +0 cloak (worn)
Jewellery
 g - an amulet of regeneration
 i - a ring of wizardry (left hand)
 o - a ring of protection from fire (right hand)
 r - an amulet of magic regeneration (around neck)
 z - a ring of positive energy
Scrolls
 f - a scroll of acquirement {unknown}
 h - 3 scrolls of noise {unknown}
 j - a scroll of fog {unknown}
 p - 3 scrolls of identify {unknown}
 u - a scroll of fear {unknown}
 w - a scroll of enchant armour {unknown}
 x - a scroll of amnesia {unknown}
 A - a scroll of poison {unknown}
 C - a scroll of immolation {unknown}
Potions
 b - a potion of magic
 d - 2 potions of curing {unknown}
 k - a potion of lignification {unknown}
 l - a potion of attraction {unknown}
 q - 3 potions of heal wounds {unknown}
 s - 3 potions of flight {unknown}
 t - a potion of cancellation {unknown}
 v - a potion of mutation {unknown}
 B - a potion of haste {unknown}


   Skills:
 + Level 0.1 Fighting
 + Level 0.1 Maces & Flails
 + Level 2.1 Dodging
 - Level 1.7 Stealth
 + Level 4.8 Spellcasting
 + Level 3.2 Conjurations
 + Level 4.6 Fire Magic


You had 5 spell levels left.
You knew the following spells:

 Your Spells              Type           Power      Damage    Failure   Level
a - Foxfire               Conj/Fire      72%        2x1d7     1%          1
b - Scorch                Fire           42%        2d7       1%          2
c - Kindle Blastsparks    Fire/Tloc/Air  18%        2d11      9%          3
d - Flame Wave            Conj/Fire      18%        2d7       11%         4

Your spell library contained the following spells:

 Spells                   Type           Power      Damage    Failure   Level
 Necrotise                Necr           16%        1d4       6%          1
 Inner Flame              Hex/Fire       12%        N/A       6%          3
 Portal Projectile        Hex/Tloc       8%         N/A       16%         3
 Tukima's Dance           Hex            4%         N/A       16%         3
 Vampiric Draining        Necr           4%         2d6       16%         3
 Fireball                 Conj/Fire      9%         3d6       28%         5
 Iskenderun's Battlesphe  Conj           16%        2d7       34%         5
 Agony                    Necr           4%         N/A       80%         5
 Blade Hands              Tmut           2%         N/A       80%         5
 Conjure Ball Lightning   Conj/Air       5%         3x3d6     98%         6
 Orb of Destruction       Conj           8%         9d6       100%        7


Dungeon Overview and Level Annotations

Branches:
Dungeon (5/15)             Temple (0/1) D:5

Altars:
Ashenzari
Ru


Innate Abilities, Weirdness & Mutations

You have large cloven feet.
A weak demonic guardian rushes to your aid.
You have a tail ending in a sharp stinger.
Your touch may inflict minor irresistible damage on your foes.


Message History

The howler monkey hits you.
Unknown command.
The white imp misses you. The orc priest hits you with a +0 mace!
* * * LOW HITPOINT WARNING * * *
The howler monkey closely misses you.
You climb upwards.
There is a stone staircase leading down here.
Unknown command.
Casting: Scorch (safe; 1% risk of failure)
Confirm with . or Enter, or press ? or * to list all spells.
Flames lash the white imp but do no damage.
The howler monkey hits you.
* * * LOW HITPOINT WARNING * * *
A demonic guardian appears!
The white imp misses you. The orc closely misses you.
The orc priest hits you with a +0 mace.
* * * LOW HITPOINT WARNING * * *
The orc misses you.
Unknown command.
Casting: Scorch (safe; 1% risk of failure)
Confirm with . or Enter, or press ? or * to list all spells.
Flames lash the orc priest.
You kill the orc priest!
The howler monkey misses you. The orc closely misses you.
The white imp gestures at you. The puff of frost hits you.
* * * LOW HITPOINT WARNING * * *
The orc barely misses you.
Your quasit completely misses the white imp.
Your quasit claws the white imp but does no damage. x2
You have reached level 7!
Casting: Scorch (safe; 1% risk of failure)
Confirm with . or Enter, or press ? or * to list all spells.
Flames lash the orc.
You kill the orc!
The howler monkey closely misses you.
Your quasit barely misses the white imp. x2
Your quasit claws the white imp.
The white imp dies!
The orc hits you with a +0 club.
You die...

#.##### #.# ##'## #
#.# #.# #.# # #.# #.#
#.# # #.# #.#
####.#### # # #.# #.#
#.......### ###.# #.#
#.......... ....#
####5## #......###.
#####
#..^.)######.##.#.# #.
#.##)@o.>.......#.###.
#.###h######.#........
#.....# #.##[#..###
####### #.##.#..#
#.......# #......##
####.### ##########
#.# #### ####
#........# #.# #...


You could see a howler monkey, an orc and a friendly quasit (summoned).

Vanquished Creatures
  An ogre (D:4)
  A hound (D:4)
  An orc priest (D:4)
  An iguana (D:4)
  An orc wizard (D:2)
  Natasha (thrice) (D:3)
  7 gnolls (D:4)
  8 adders
  A worm (D:3)
  3 dart slugs (D:2)
  13 orcs
  3 bats
  An endoplasm (D:3)
  4 giant cockroaches
  9 goblins
  8 hobgoblins
  5 quokkas
  9 ball pythons
  9 frilled lizards
  9 kobolds
  6 rats
103 creatures vanquished.

Vanquished Creatures (collateral kills)
  A white imp (D:4)
1 creature vanquished.

Vanquished Creatures (others)
  304 foxfires
304 creatures vanquished.

Grand Total: 408 creatures vanquished

Notes
Turn   | Place    | Note
-------+----------+-------------------------------------------
     0 | D:1      | funkygono the Demonspawn Fire Elementalist began the quest
                  | for the Orb.
     0 | D:1      | Reached XP level 1. HP: 13/13 MP: 3/3
   435 | D:1      | Discovered your monstrous ancestry.
   435 | D:1      | Gained mutation: Your touch may inflict minor irresistible
                  | damage on your foes. [demonic ancestry]
   435 | D:1      | Reached XP level 2. HP: 19/19 MP: 1/5
   438 | D:1      | Learned a level 2 spell: Scorch
  1331 | D:2      | Gained mutation: You have large cloven feet. [demonic
                  | ancestry]
  1331 | D:2      | Reached XP level 3. HP: 24/24 MP: 2/6
  1335 | D:2      | Learned a level 3 spell: Kindle Blastsparks
  1677 | D:2      | Gained mutation: You have a small tail. [demonic ancestry]
  1677 | D:2      | Reached XP level 4. HP: 30/30 MP: 4/8
  2578 | D:3      | Found a sacrificial altar of Ru.
  2594 | D:3      | Found a broken altar of Ashenzari.
  2678 | D:3      | Gained mutation: You have a tail ending in a sharp stinger.
                  | [demonic ancestry]
  2678 | D:3      | Reached XP level 5. HP: 35/35 MP: 8/10
  3018 | D:3      | Noticed Natasha
  3025 | D:3      | Killed Natasha
  3164 | D:3      | Noticed Natasha
  3169 | D:3      | Killed Natasha
  3199 | D:3      | Identified the +1 sling of the Briny Deep {freeze, rElec
                  | Int-2 SInv}
  3310 | D:3      | Noticed Natasha
  3316 | D:3      | Killed Natasha
  3436 | D:3      | Learned a level 4 spell: Flame Wave
  3492 | D:4      | Noticed an ogre
  3498 | D:4      | Killed an ogre
  3499 | D:4      | Gained mutation: A weak demonic guardian rushes to your
                  | aid. [demonic ancestry]
  3499 | D:4      | Reached XP level 6. HP: 41/41 MP: 6/12
  4492 | D:5      | Entered Level 5 of the Dungeon
  4536 | D:5      | Found a staircase to the Ecumenical Temple.
  4723 | D:4      | HP: 1/41 [white imp/puff of frost (5)]
  4724 | D:4      | Reached XP level 7. HP: 1/46 MP: 8/14
  4724 | D:4      | Slain by an orc

Illustrated notes

Levels and vault maps discovered:
D:1:      dpeg_arrival_radiant, layout_loops_ring, minmay_small_reverse_x
D:2:      minmay_door_path, layout_basic
D:3:      wander_river, layout_basic, minmay_overflow_temple_star_quad,
          uniq_natasha
D:4:      layout_loops_corners
D:5:      layout_cave_pods, minmay_temple_entry_proselytizer,
          portal_sewer_entry_d, serial_shops, shop, uniq_pikel

Skill      XL: |  1  2  3  4  5  6 |
---------------+-------------------+-----
Fire Magic     | 3 4 |  4.6
Dodging        | 2 |  2.1
Conjurations   | 2 3 |  3.2
Spellcasting   | 3 4 |  4.8
Fighting       | |  0.1
Maces & Flails | |  0.1
Stealth        | |  1.7

Action                   |  1- 3 |  4- 6 |  7- 9 || total
-------------------------+-------+-------+-------++-------
Melee: Whip              |    10 |     1 |       ||    11
       Unarmed           |     2 |       |       ||     2
       Touch             |     1 |       |       ||     1
 Cast: Foxfire           |    50 |   128 |       ||   178
       Scorch            |     4 |    18 |     1 ||    23
Armor: Robe              |    11 |     6 |       ||    17
Dodge: Dodged            |    23 |    21 |     1 ||    45

Table legend: (Time is in decaauts)
 A = Elapsed time spent in this place.
 B = Non-inter-level travel time spent in this place.
 C = Inter-level travel time spent in this place.
 D = Time resting spent in this place.
 E = Time spent auto-exploring this place.
 F = Levels seen in this place.
 G = Mean time per level.
                   A        B        C        D        E       F      G
               +--------+--------+--------+--------+--------+-----+--------+
         Total |   4739 |   4599 |    140 |    240 |   3495 |   5 |  947.8 |
       Dungeon |   4739 |   4599 |    140 |    240 |   3495 |   5 |  947.8 |
               +--------+--------+--------+--------+--------+-----+--------+

Top non-repeatable levels by time:
     D:1: 1245 daAuts
     D:4: 1211 daAuts
     D:2: 1189 daAuts
     D:3: 1033 daAuts
     D:5: 60 daAuts
